 Dungeon Crawl Stone Soup version 0.21-a0-110-g8e1637b (webtiles) character file.

263 sagitran the Skirmisher (level 5, -4/42 HPs)
             Began as a Demonspawn Abyssal Knight on July 10, 2017.
             Was a Believer of Lugonu.
             Slain by a worker ant (6 damage)
             ... on level 4 of the Dungeon.
             The game lasted 00:23:46 (3359 turns).

sagitran the Skirmisher (Demonspawn Abyssal Knight) Turns: 3359, Time: 00:23:47

Health: -4/42      AC: 17    Str: 14    XL:     5   Next: 98%
Magic:  6/6        EV: 11    Int: 21    God:    Lugonu [**....]
Gold:   161        SH:  0    Dex: 12    Spells: 4/4 levels left

rFire    . . .     SeeInvis .   r - +2 falchion (venom)
rCold    . . .     Gourm    .   (no shield)
rNeg     . . .     Faith    .   s - +0 ring mail (curse)
rPois    .         Spirit   .   w - +0 helmet
rElec    .         Reflect  .   i - +0 cloak
rCorr    .         Harm     .   (no gloves)
MR       .....                  (no boots)
Stlth    +.........             (no amulet)
HPRegen  0.14/turn              d - +3 ring of intelligence
MPRegen  0.10/turn              (no ring)

@: brilliant, lethally poisoned (-4 -> -6), sanguine armour, flying
A: sanguine armour 2
a: Depart the Abyss, Bend Space, Renounce Religion


You were on level 4 of the Dungeon.
You worshipped Lugonu.
Lugonu was pleased with you.
You were near starving.

You visited 1 branch of the dungeon, and saw 4 of its levels.
You visited the Abyss 1 time.

You collected 161 gold pieces.

Inventory:

Hand Weapons
 a - a +1 spear
 r - a +2 falchion of venom (weapon)
 x - a +0 blowgun
Missiles
 u - 5 curare-tipped needles
 y - 6 poisoned needles
Armour
 b - a +0 leather armour
 i - a +0 cloak (worn)
 s - a cursed +0 ring mail (worn)
 w - a +0 helmet (worn)
Jewellery
 d - a +3 ring of intelligence (left hand)
Scrolls
 f - 2 scrolls of identify {unknown}
 h - 3 scrolls of remove curse {unknown}
 j - a scroll of fear {unknown}
 l - a scroll of teleportation {unknown}
 m - 2 scrolls of blinking {unknown}
 n - a scroll of fog {unknown}
 p - a scroll of immolation {unknown}
 q - 2 scrolls of amnesia {unknown}
 v - a scroll of magic mapping {unknown}
Potions
 e - 2 potions of brilliance
 o - a potion of flight
 z - a potion of cancellation {unknown}
 A - a potion of experience {unknown}
Comestibles
 c - 3 bread rations
 g - a royal jelly
 k - 3 fruits
 t - a meat ration


   Skills:
 + Level 4.0 Fighting
 + Level 1.5 Long Blades
 + Level 3.4 Polearms
 + Level 3.2 Armour
 + Level 1.5 Dodging
 + Level 0.6 Stealth
 + Level 2.5 Invocations


You had 4 spell levels left.
You didn't know any spells.

Dungeon Overview and Level Annotations

Branches:
Dungeon (4/15)
 Temple: D:4-7

Altars:
Dithmenos
Trog

Annotations:
D:4 sagitran's ghost, amateur DsAK


Innate Abilities, Weirdness & Mutations

When seriously injured, your bleeding wounds create thick armour. (AC +9)


Message History

You feel sick. The worker ant completely misses you.
You feel sick.
You feel sick.
You feel sick.
Sagitran's ghost proudly claims, "A renegade god deserves renegade ghosts."
The worker ant completely misses you.
Sagitran's ghost keens inconsolably.
You feel sick.
You feel sick. The worker ant bites you.
* * * LOW HITPOINT WARNING * * *
* * * LOW HITPOINT WARNING * * *
You feel sick.
It was a potion of brilliance.
You feel clever all of a sudden. The worker ant barely misses you.
It was a potion of flight.
You feel very buoyant.
You fly up into the air.
The worker ant barely misses you. The worker ant bites you.
You die...

.# .### # ...
# #. ..#
#.##.##..#
.......#
#.#.#.#
#..@..#
###a### #g#
######g##
#..g..g.#
#W###........
#.#
.....#......
#...
#g#.....##
..... ....
#W#.##..#
.##.# ...


You could see a worker ant and 3 gnolls.

Vanquished Creatures
  A scorpion (D:4)
  A hound (D:4)
  Jessica (D:3)
  A worker ant (D:4)
  4 adders
  2 shadow imps
  5 worms
  A dart slug (D:2)
  4 leopard geckos
  6 bats
  6 giant cockroaches
  A goblin (D:1)
  14 hobgoblins
  6 jackals (D:2)
  4 frilled lizards
  6 kobolds
  8 rats
71 creatures vanquished.

Notes
Turn   | Place    | Note
-------+----------+-------------------------------------------
     0 | Abyss:1  | sagitran the Demonspawn Abyssal Knight began the quest for the Orb.
     0 | Abyss:1  | Reached XP level 1. HP: 18/18 MP: 2/2
    20 | Abyss:1  | Found an iron altar of Okawaru.
    60 | Abyss:1  | Noticed a raiju
    63 | D:1      | Escaped the Abyss
   118 | D:1      | Reached skill level 1 in Dodging
   121 | D:1      | Reached * piety under Lugonu
   370 | D:1      | Gained mutation: When seriously injured, your bleeding wounds create armour. (AC +9) [demonic ancestry]
   370 | D:1      | Reached XP level 2. HP: 24/24 MP: 3/3
  1007 | D:1      | Reached XP level 3. HP: 18/29 MP: 4/4
  1491 | D:2      | Found a faded altar of an unknown god.
  1635 | D:2      | Reached XP level 4. HP: 24/36 MP: 5/5
  2276 | D:3      | Noticed Jessica
  2289 | D:3      | Killed Jessica
  2455 | D:3      | Gained mutation: When seriously injured, your bleeding wounds create thick armour. (AC +9) [demonic ancestry]
  2455 | D:3      | Reached XP level 5. HP: 34/42 MP: 6/6
  2684 | D:4      | Reached ** piety under Lugonu
  2983 | D:3      | Noticed a moth of wrath
  2986 | D:3      | Found a bloodstained altar of Trog.
  3059 | D:4      | Noticed sagitran's ghost (amateur DsAK)
  3312 | D:4      | Reached skill level 1 in Long Blades
  3317 | D:4      | Found a shadowy altar of Dithmenos.
  3321 | D:4      | Reached skill level 4 in Fighting
  3353 | D:4      | HP: 2/42 [worker ant (1)]
  3359 | D:4      | Slain by a worker ant

Vault maps used:
D:1:      roderic_chinese_lattice_arrival
D:2:      cheibrodos_helix_gallery, chequers_ecumenical_altar_simple_redux,
          st_stairs_5
D:3:      tgw_trog, uniq_jessica
D:4:      first_bread, nicolae_dithmenos_shadow_blocks

Skill      XL: |  1  2  3  4  5 |
---------------+----------------+-----
Polearms       | 2 3 |  3.4
Dodging        | 1 |  1.5
Armour         | 2 3 |  3.2
Long Blades    | 1 |  1.5
Fighting       | 4 |  4.0
Stealth        | |  0.6
Invocations    | |  2.5

Action                   |  1- 3 |  4- 6 || total
-------------------------+-------+-------++-------
Melee: Spear             |   189 |    69 ||   258
       Falchion          |       |    44 ||    44
 Fire: Blowgun           |       |     2 ||     2
Invok: Depart the Abyss  |     1 |       ||     1
  Use: Potion            |     1 |     2 ||     3
 Stab: Sleeping          |     1 |       ||     1
  Eat: Royal jelly       |     1 |       ||     1
       Bread ration      |       |     1 ||     1
Armor: Leather armour    |    59 |    29 ||    88
       Ring mail         |       |    17 ||    17
Dodge: Dodged            |   106 |    80 ||   186
       Rpst.: Falchion   |       |    14 ||    14
